3L
PORTLAND EVERGREENS @ PHILADELPHIA 1776 BC
05/27/2027
 
TOP OF THE 1ST
Portland Evergreens batting - Pitching for Philadelphia 1776 BC : RHP Pedro Rodríguez
Pitching: RHP Pedro Rodríguez
Batting: LHB Gabriel Díaz 0-0: Fly out, F2 (Popup, 5S)
Batting: SHB Eddie Ménard 0-0: Foul Ball, location: 2F
0-1: Foul Ball, location: 2F
0-2: SINGLE (Groundball, 6S) (infield hit)
Batting: LHB John Ennis 0-0: Called Strike
0-1: Foul Ball, location: 2F
0-2: Foul Ball, location: 2F
0-2: Ball
1-2: Foul Ball, location: 2F
1-2: Ball
2-2: Ball
3-2: Base on Balls
Eddie Ménard to second
Batting: LHB José Ruíz 0-0: Ball
1-0: Ball
2-0: SINGLE (Flyball, 78S)
Eddie Ménard to third
John Ennis to second
Runner from 3rd tries for Home, throw and OUT!
John Ennis to third
José Ruíz to second
Batting: LHB Shang-de Zhang 0-0: Ball
1-0: Ground out 1-3 (Groundball, 13S)
Top of the 1st over - 0 run(s), 2 hit(s), 0 error(s), 2 left on base; Portland 0 - Philadelphia 1776 0
BOTTOM OF THE 1ST
Philadelphia 1776 BC batting - Pitching for Portland Evergreens : RHP Leroy Picot
Pitching: RHP Leroy Picot
Batting: SHB Jesús Cabañe 0-0: Ball
1-0: Ball
2-0: Called Strike
2-1: Ball
3-1: Foul Ball, location: 2F
3-2: Foul Ball, location: 2F
3-2: Fly out, F9 (Flyball, 9)
Batting: LHB Manoo Satyavrat 0-0: Ground out 5-3 (Groundball, 56S)
Batting: LHB Cliff Aldridge 0-0: Ball
1-0: Ball
2-0: SINGLE (Groundball, 4MD)
Batting: RHB John Schnatter 0-0: Called Strike
0-1: Swinging Strike
0-2: Fly out, F8 (Line Drive, 8RS)
Bottom of the 1st over - 0 run(s), 1 hit(s), 0 error(s), 1 left on base; Portland 0 - Philadelphia 1776 0
TOP OF THE 2ND
Portland Evergreens batting - Pitching for Philadelphia 1776 BC : RHP Pedro Rodríguez
Batting: RHB Silvio Bonauiti 0-0: SINGLE (Line Drive, 56D)
Batting: SHB Chris Williamson 0-0: Ball
Silvio Bonauiti steals 2nd base
1-0: DOUBLE (Flyball, 7LD)
Silvio Bonauiti scores
Batting: LHB Joram Nelen 0-0: Ball
1-0: Ball
Chris Williamson steals 3rd base
2-0: Ground out 4-3 (Groundball, 4)
Chris Williamson scores
Batting: RHB Bubba Blevins 0-0: Ball
1-0: Ball
2-0: Ball
3-0: Called Strike
3-1: Base on Balls
Batting: LHB Gabriel Díaz 0-0: Ball
1-0: Ball
2-0: Ball
3-0: Base on Balls
Bubba Blevins to second
Batting: SHB Eddie Ménard 0-0: Foul Ball, location: 2F
0-1: SINGLE (Groundball, 34D)
Bubba Blevins to third
Gabriel Díaz to second
Runner from 3rd tries for Home, throw and OUT!
Gabriel Díaz to third
Eddie Ménard to second
Batting: LHB John Ennis 0-0: Ball
1-0: Swinging Strike
1-1: Foul Ball, location: 2F
1-2: Strikes out swinging
Top of the 2nd over - 2 run(s), 3 hit(s), 0 error(s), 2 left on base; Portland 2 - Philadelphia 1776 0
BOTTOM OF THE 2ND
Philadelphia 1776 BC batting - Pitching for Portland Evergreens : RHP Leroy Picot
Batting: LHB Héctor Torres 0-0: Called Strike
0-1: Ball
1-1: Fly out, F4 (Popup, 34)
Batting: RHB Cole Shaffer 0-0: Called Strike
0-1: Fly out, F8 (Flyball, 8LD)
Batting: RHB Fernando Rivera 0-0: Foul Ball, location: 2F
0-1: Called Strike
0-2: Strikes out swinging
Bottom of the 2nd over - 0 run(s), 0 hit(s), 0 error(s), 0 left on base; Portland 2 - Philadelphia 1776 0
TOP OF THE 3RD
Portland Evergreens batting - Pitching for Philadelphia 1776 BC : RHP Pedro Rodríguez
Batting: LHB José Ruíz 0-0: Ball
1-0: Called Strike
1-1: Ground out 6-3 (Groundball, 6M)
Batting: LHB Shang-de Zhang 0-0: Foul Ball, location: 2F
0-1: Fly out, F7 (Flyball, 7)
Batting: RHB Silvio Bonauiti 0-0: Ground out 1-3 (Groundball, 15S)
Top of the 3rd over - 0 run(s), 0 hit(s), 0 error(s), 0 left on base; Portland 2 - Philadelphia 1776 0
BOTTOM OF THE 3RD
Philadelphia 1776 BC batting - Pitching for Portland Evergreens : RHP Leroy Picot
Batting: RHB António Granados 0-0: Swinging Strike
0-1: Ball
1-1: Foul Ball, location: 2F
1-2: Foul Ball, location: 2F
1-2: Foul Ball, location: 2F
1-2: Ball
2-2: Foul Ball, location: 2F
2-2: Foul Ball, location: 2F
2-2: Fly out, F8 (Flyball, 8RM)
Batting: RHB Dave Morris 0-0: Ball
1-0: Ball
2-0: Ball
3-0: Called Strike
3-1: Foul Ball, location: 2F
3-2: Fly out, F7 (Flyball, 7D)
Batting: SHB Jesús Cabañe 0-0: Ball
1-0: SINGLE (Line Drive, 8LS)
Batting: LHB Manoo Satyavrat 0-0: Ball
1-0: Ball
2-0: Called Strike
2-1: Ball
3-1: Base on Balls
Jesús Cabañe to second
Batting: LHB Cliff Aldridge 0-0: Fly out, F8 (Flyball, 8RS)
Bottom of the 3rd over - 0 run(s), 1 hit(s), 0 error(s), 2 left on base; Portland 2 - Philadelphia 1776 0
TOP OF THE 4TH
Portland Evergreens batting - Pitching for Philadelphia 1776 BC : RHP Pedro Rodríguez
Batting: SHB Chris Williamson 0-0: Ground out U3 (Groundball, 34)
Batting: LHB Joram Nelen 0-0: Ball
1-0: Ball
2-0: Ground out 3-1 (Groundball, 34)
Batting: RHB Bubba Blevins 0-0: Called Strike
0-1: Foul Ball, location: 2F
0-2: Ball
1-2: Ball
2-2: Fly out, F8 (Flyball, 78M)
Top of the 4th over - 0 run(s), 0 hit(s), 0 error(s), 0 left on base; Portland 2 - Philadelphia 1776 0
BOTTOM OF THE 4TH
Philadelphia 1776 BC batting - Pitching for Portland Evergreens : RHP Leroy Picot
Batting: RHB John Schnatter 0-0: Called Strike
0-1: Ball
1-1: Ball
2-1: Fly out, F7 (Flyball, 7)
Batting: LHB Héctor Torres 0-0: SINGLE (Line Drive, 78S)
Batting: RHB Cole Shaffer 0-0: Called Strike
0-1: Called Strike
0-2: Ball
1-2: DOUBLE (Line Drive, 9D)
Héctor Torres to third
Batting: RHB Fernando Rivera 0-0: Fly out, F7 (Flyball, 7)
Batting: RHB António Granados 0-0: Ball
1-0: Called Strike
1-1: Ground out 4-3 (Groundball, 4)
Bottom of the 4th over - 0 run(s), 2 hit(s), 0 error(s), 2 left on base; Portland 2 - Philadelphia 1776 0
TOP OF THE 5TH
Portland Evergreens batting - Pitching for Philadelphia 1776 BC : RHP Pedro Rodríguez
Batting: LHB Gabriel Díaz 0-0: Ground out 4-3 (Groundball, 4)
Batting: SHB Eddie Ménard 0-0: Called Strike
0-1: Ball
1-1: Fly out, F7 (Flyball, 7LSF)
Batting: LHB John Ennis 0-0: Ball
1-0: Swinging Strike
1-1: Foul Ball, location: 2F
1-2: Foul Ball, location: 2F
1-2: Foul Ball, location: 2F
1-2: Ball
2-2: SOLO HOME RUN (Flyball, 89XD), Distance : 414 ft
Batting: LHB José Ruíz 0-0: Foul Ball, location: 2F
0-1: Swinging Strike
0-2: Ball
1-2: Ball
2-2: Fly out, F7 (Flyball, 7)
Top of the 5th over - 1 run(s), 1 hit(s), 0 error(s), 0 left on base; Portland 3 - Philadelphia 1776 0
BOTTOM OF THE 5TH
Philadelphia 1776 BC batting - Pitching for Portland Evergreens : RHP Leroy Picot
Batting: RHB Dave Morris 0-0: Ball
1-0: Foul Ball, location: 2F
1-1: Ground out 6-3 (Groundball, 6)
Batting: SHB Jesús Cabañe 0-0: Swinging Strike
0-1: Foul Ball, location: 2F
0-2: Ball
1-2: Ball
2-2: Foul Ball, location: 2F
2-2: Strikes out looking
Batting: LHB Manoo Satyavrat 0-0: Called Strike
0-1: SINGLE (Groundball, 15S) (infield hit)
Batting: LHB Cliff Aldridge 0-0: Ball
1-0: Foul Ball, location: 2F
1-1: Called Strike
1-2: Ball
2-2: Fly out, F8 (Flyball, 8RD)
Bottom of the 5th over - 0 run(s), 1 hit(s), 0 error(s), 1 left on base; Portland 3 - Philadelphia 1776 0
TOP OF THE 6TH
Portland Evergreens batting - Pitching for Philadelphia 1776 BC : RHP Pedro Rodríguez
Batting: LHB Shang-de Zhang 0-0: Foul Ball, location: 2F
0-1: Called Strike
0-2: Foul Ball, location: 2F
0-2: Foul Ball, location: 2F
0-2: Ball
1-2: Fly out, F3 (Popup, 3S)
Batting: RHB Silvio Bonauiti 0-0: Ball
1-0: Ball
2-0: Called Strike
2-1: Swinging Strike
2-2: Ground out 6-3 (Groundball, 56)
Batting: SHB Chris Williamson 0-0: DOUBLE (Flyball, 7LD)
Batting: LHB Joram Nelen 0-0: Called Strike
0-1: Swinging Strike
0-2: Fly out, F2 (Popup, 2R)
Top of the 6th over - 0 run(s), 1 hit(s), 0 error(s), 1 left on base; Portland 3 - Philadelphia 1776 0
BOTTOM OF THE 6TH
Philadelphia 1776 BC batting - Pitching for Portland Evergreens : RHP Leroy Picot
Batting: RHB John Schnatter 0-0: Ball
1-0: Foul Ball, location: 2F
1-1: Ball
2-1: Foul Ball, location: 2F
2-2: Ball
3-2: Base on Balls
Batting: LHB Héctor Torres 0-0: Ball
1-0: Ball
2-0: Called Strike
2-1: Ground out 3-1 (Groundball, 3)
John Schnatter to second
Batting: RHB Cole Shaffer 0-0: Called Strike
0-1: Fly out, F4 (Line Drive, 4)
Batting: RHB Fernando Rivera 0-0: Swinging Strike
0-1: Foul Ball, location: 2F
0-2: Ball
1-2: Foul Ball, location: 2F
1-2: Foul Ball, location: 2F
1-2: Foul Ball, location: 2F
1-2: Strikes out swinging
Bottom of the 6th over - 0 run(s), 0 hit(s), 0 error(s), 1 left on base; Portland 3 - Philadelphia 1776 0
TOP OF THE 7TH
Portland Evergreens batting - Pitching for Philadelphia 1776 BC : RHP Pedro Rodríguez
Batting: RHB Bubba Blevins 0-0: Fly out, F9 (Flyball, 9S)
Batting: LHB Gabriel Díaz 0-0: Ball
1-0: Called Strike
1-1: Ball
2-1: Foul Ball, location: 2F
2-2: Ball
3-2: Fly out, F7 (Flyball, 7S)
Batting: SHB Eddie Ménard 0-0: Ball
1-0: Foul Ball, location: 2F
1-1: Ball
2-1: Foul Ball, location: 2F
2-2: Ball
3-2: SINGLE (Line Drive, 7S)
Pitching: RHP Cor Snel
Batting: LHB John Ennis 0-0: Ball
1-0: Called Strike
1-1: Foul Ball, location: 2F
1-2: TRIPLE (Flyball, 8RXD)
Eddie Ménard scores
Batting: LHB José Ruíz 0-0: Called Strike
0-1: Swinging Strike
0-2: Strikes out swinging
Top of the 7th over - 1 run(s), 2 hit(s), 0 error(s), 1 left on base; Portland 4 - Philadelphia 1776 0
BOTTOM OF THE 7TH
Philadelphia 1776 BC batting - Pitching for Portland Evergreens : RHP Leroy Picot
Batting: RHB António Granados 0-0: Ball
1-0: Ball
2-0: DOUBLE (Flyball, 89D)
Pitching: RHP William Waters
Batting: RHB Dave Morris 0-0: Ball
1-0: Ball
2-0: Ball
3-0: Base on Balls
Batting: SHB Jesús Cabañe 0-0: Swinging Strike
0-1: Ball
1-1: Foul Ball, location: 2F
1-2: Fielders Choice at 2nd, 1-6 (Groundball, P)
António Granados to third
Batting: LHB Manoo Satyavrat 0-0: Ball
1-0: Ball
2-0: Ball
3-0: Base on Balls
Jesús Cabañe to second
Batting: LHB Cliff Aldridge 0-0: Swinging Strike
0-1: Foul Ball, location: 2F
0-2: Foul Ball, location: 2F
0-2: Foul Ball, location: 2F
0-2: Ball
1-2: SINGLE (Line Drive, 56D)
António Granados scores
Jesús Cabañe to third
Manoo Satyavrat to second
Runner from 3rd tries for Home, SAFE, no throw
Batting: RHB John Schnatter 0-0: Ball
1-0: Called Strike
1-1: SINGLE (Groundball, 6D)
Manoo Satyavrat to third
Cliff Aldridge to second
Runner from 3rd tries for Home, SAFE, throw made at trailing runner, SAFE at third!
Batting: LHB Héctor Torres 0-0: Called Strike
0-1: Ball
1-1: Called Strike
1-2: Foul Ball, location: 2F
1-2: Ball
2-2: Fly out, F9 (Flyball, 9D)
Runner from 3rd tags up, SCORES, no throw
Pitching: RHP Jim Dixon
Batting: RHB Cole Shaffer 0-0: Ball
1-0: Ball
2-0: Called Strike
2-1: SINGLE (Line Drive, 34)
John Schnatter to second
Batting: RHB Fernando Rivera 0-0: Ball
1-0: Ball
2-0: Ball
3-0: Base on Balls
John Schnatter to third
Cole Shaffer to second
Pinch Hitting: RHB Patrizio Vanali 0-0: Ball
1-0: Fly out, F9 (Line Drive, 89M)
Bottom of the 7th over - 4 run(s), 4 hit(s), 0 error(s), 3 left on base; Portland 4 - Philadelphia 1776 4
TOP OF THE 8TH
Portland Evergreens batting - Pitching for Philadelphia 1776 BC : RHP Cor Snel
Now at 1B: Patrizio Vanali
Batting: LHB Shang-de Zhang 0-0: Called Strike
0-1: Ball
1-1: Foul Ball, location: 2F
1-2: DOUBLE (Line Drive, 78M)
Pinch Hitting: RHB Darrell Terwey 0-0: Sac Bunt - play at first, batter OUT! 3-4
Shang-de Zhang to third
Batting: SHB Chris Williamson 0-0: Ball
1-0: Called Strike
1-1: Called Strike
1-2: Foul Ball, location: 2F
1-2: Fly out, F8 (Flyball, 8LM)
Runner from 3rd tags up, SCORES, throw made
Batting: LHB Joram Nelen 0-0: Called Strike
0-1: Ball
1-1: Ball
2-1: Ball
3-1: DOUBLE (Flyball, 78D)
Pinch Hitting: LHB Ray Anderson 0-0: Called Strike
0-1: Swinging Strike
0-2: Strikes out looking
Top of the 8th over - 1 run(s), 2 hit(s), 0 error(s), 1 left on base; Portland 5 - Philadelphia 1776 4
BOTTOM OF THE 8TH
Philadelphia 1776 BC batting - Pitching for Portland Evergreens : RHP Jim Dixon
Pitching: RHP Vincente Ortíz
Now at 2B: Raúl Delgado
Now in LF: Ray Anderson
Batting: RHB Dave Morris 0-0: Called Strike
0-1: Foul Ball, location: 2F
0-2: Ball
1-2: Ball
2-2: SOLO HOME RUN (Flyball, 7D), Distance : 424 ft
Batting: SHB Jesús Cabañe 0-0: Foul Ball, location: 2F
0-1: Ball
1-1: Ball
2-1: Called Strike
2-2: SINGLE (Groundball, 6D)
Batting: LHB Manoo Satyavrat 0-0: Ball
1-0: Ball
2-0: Bunt - Flyout! F2
Batting: LHB Cliff Aldridge 0-0: Called Strike
0-1: Ball
1-1: Ground out 5-3 (Groundball, 56S)
Jesús Cabañe to second
Batting: RHB John Schnatter 0-0: Ball
1-0: Ball
2-0: Called Strike
2-1: Swinging Strike
2-2: Ball
3-2: Foul Ball, location: 2F
3-2: Base on Balls
Batting: LHB Héctor Torres 0-0: Ball
1-0: Ball
2-0: Called Strike
2-1: Ground out U3 (Groundball, 34)
Bottom of the 8th over - 1 run(s), 2 hit(s), 0 error(s), 2 left on base; Portland 5 - Philadelphia 1776 5
TOP OF THE 9TH
Portland Evergreens batting - Pitching for Philadelphia 1776 BC : RHP Cor Snel
Pitching: RHP Carlos Ramos
Batting: LHB Gabriel Díaz 0-0: Called Strike
0-1: Fly out, F9 (Flyball, 9LS)
Batting: SHB Eddie Ménard 0-0: Ball
1-0: Swinging Strike
1-1: Fly out, F8 (Flyball, 8LS)
Batting: LHB John Ennis 0-0: Ball
1-0: Ball
2-0: Called Strike
2-1: Foul Ball, location: 2F
2-2: Strikes out swinging, 2-3 out at first.
Top of the 9th over - 0 run(s), 0 hit(s), 0 error(s), 0 left on base; Portland 5 - Philadelphia 1776 5
BOTTOM OF THE 9TH
Philadelphia 1776 BC batting - Pitching for Portland Evergreens : RHP Vincente Ortíz
Batting: RHB Cole Shaffer 0-0: Fly out, F7 (Flyball, 7)
Batting: RHB Fernando Rivera 0-0: Ball
1-0: Foul Ball, location: 2F
1-1: Called Strike
1-2: Ball
2-2: Strikes out swinging
Batting: RHB Patrizio Vanali 0-0: Fly out, F3 (Flyball, 3D)
Bottom of the 9th over - 0 run(s), 0 hit(s), 0 error(s), 0 left on base; Portland 5 - Philadelphia 1776 5
TOP OF THE 10TH
Portland Evergreens batting - Pitching for Philadelphia 1776 BC : RHP Carlos Ramos
Batting: LHB José Ruíz 0-0: Ball
1-0: Ball
2-0: Swinging Strike
2-1: Foul Ball, location: 2F
2-2: Foul Ball, location: 2F
2-2: Foul Ball, location: 2F
2-2: Foul Ball, location: 2F
2-2: Ball
3-2: Base on Balls
Batting: LHB Shang-de Zhang 0-0: Ball
1-0: Ball
2-0: Called Strike
2-1: Swinging Strike
2-2: Strikes out swinging
Batting: RHB Raúl Delgado 0-0: Ball
1-0: Ground out 5-3 (Groundball, 56S)
José Ruíz to second
Batting: SHB Chris Williamson 0-0: Ball
1-0: Called Strike
1-1: SINGLE (Flyball, 7LS)
José Ruíz to third
Runner from 3rd tries for Home, SAFE, no throw
Batting: LHB Joram Nelen 0-0: Ball
1-0: SINGLE (Groundball, 4) (infield hit)
Chris Williamson to second
Batting: LHB Ray Anderson 0-0: Called Strike
0-1: SINGLE (Groundball, 3D)
Chris Williamson to third
Joram Nelen to second
Runner from 3rd tries for Home, SAFE, no throw
Batting: LHB Gabriel Díaz 0-0: Called Strike
0-1: Foul Ball, location: 2F
0-2: Ball
1-2: Foul Ball, location: 2F
1-2: Reached on error, E5 (Groundball, 56)
Joram Nelen to third
Ray Anderson to second
Batting: SHB Eddie Ménard 0-0: Called Strike
0-1: Foul Ball, location: 2F
0-2: Ball
1-2: Ball
2-2: Ball
3-2: Base on Balls
Joram Nelen scores
Ray Anderson to third
Gabriel Díaz to second
Batting: LHB John Ennis 0-0: Swinging Strike
0-1: Called Strike
0-2: Foul Ball, location: 2F
0-2: Ball
1-2: Ball
2-2: Strikes out looking
Top of the 10th over - 3 run(s), 3 hit(s), 1 error(s), 3 left on base; Portland 8 - Philadelphia 1776 5
BOTTOM OF THE 10TH
Philadelphia 1776 BC batting - Pitching for Portland Evergreens : RHP Vincente Ortíz
Pitching: RHP Fernando Ramírez
Batting: RHB Dave Morris 0-0: Ball
1-0: Ball
2-0: Ball
3-0: Called Strike
3-1: Base on Balls
Batting: SHB Jesús Cabañe 0-0: Ball
1-0: Called Strike
1-1: Grounds into double play, 5-4-3 (Groundball, 56)
Batting: LHB Manoo Satyavrat 0-0: Called Strike
0-1: Fly out, F8 (Flyball, 8RS)
Bottom of the 10th over - 0 run(s), 0 hit(s), 0 error(s), 0 left on base; Portland 8 - Philadelphia 1776 5
Saturday, May 26th, 2018 - OOTP Baseball 17.12 Build 75